 Dungeon Crawl Stone Soup version 0.27.1-33-g824d729ab1 (webtiles) character file.

Game seed: 10495308932112556208

56 pkoi the Ruffian (level 3, 0/28 HPs)
             Began as a Draconian Transmuter on Dec 13, 2021.
             Succumbed to a goblin's poison
             ... on level 2 of the Dungeon.
             The game lasted 00:01:38 (1178 turns).

pkoi the Ruffian (Draconian Transmuter)             Turns: 1178, Time: 00:01:39

Health: 0/28       AC:  6    Str: 12    XL:     3   Next: 69%
Magic:  6/6        EV: 12    Int: 14    God:
Gold:   32         SH:  0    Dex: 11    Spells: 1/6 levels left

rFire    . . .     SeeInvis .     - Unarmed
rCold    . . .     Faith    .   (no shield)
rNeg     . . .     Spirit   .   (armour unavailable)
rPois    .         Reflect  .   (helmet restricted)
rElec    .         Harm     .   a - +0 cloak
rCorr    .         Rampage  .   (no gloves)
Will     .....                  (no boots)
Stlth    +.........             (no amulet)
HPRegen  0.09/turn              (no ring)
MPRegen  0.10/turn              (no ring)

@: lethally poisoned (0 -> -3)
A: AC +5, unfitting armour, cold-blooded
a: no special abilities


You were on level 2 of the Dungeon.
You visited 1 branch of the dungeon, and saw 2 of its levels.

You collected 32 gold pieces.

Inventory:

Hand Weapons
 b - a +3 dagger of venom
Armour
 a - a +0 cloak (worn)
Jewellery
 d - a ring of resist corrosion


   Skills:
 - Level 1.1 Fighting
 - Level 1.7 Dodging
 * Level 4.4 Unarmed Combat
 - Level 2.0 Spellcasting
 + Level 2.5 Transmutations


You had one spell level left.
You knew the following spells:

 Your Spells              Type           Power      Damage    Failure   Level
b - Wereblood             Tmut           8%         N/A       13%         2
c - Spider Form           Tmut/Pois      2%         N/A       38%         3

Your spell library contained the following spells:

 Spells                   Type           Power      Damage    Failure   Level
 Beastly Appendage        Tmut           16%        N/A       9%          1
 Ice Form                 Ice/Tmut       4%         N/A       80%         4


Dungeon Overview and Level Annotations

Branches:
Dungeon (2/15)

Altars:

Shops:
D:1 [


Innate Abilities, Weirdness & Mutations

Your plain brown scales are hard. (AC +5)
You cannot fit into any form of body armour.
You are cold-blooded and may be slowed by cold attacks.


Message History

You kill the goblin!
Your horns disappear.
Your talons disappear.
You feel very sick.
You aren't carrying any potions.
As you read the scroll labelled ISAOPL DUTYUBB, it crumbles to dust.
It is a scroll of amnesia.
Forget Beastly Appendage, freeing 1 spell level for a total of 1?
Your memory of Beastly Appendage unravels.
* * * LOW HITPOINT WARNING * * *
You feel very sick.
As you read the scroll labelled RYDWYCZ AGYNUL, it crumbles to dust.
You assume a fearsome visage.
The goblin looks frightened!
It was a scroll of fear.
* * * LOW HITPOINT WARNING * * *
You feel very sick.
* * * LOW HITPOINT WARNING * * *
You feel sick.
You see here a +3 dagger of venom.
b - a +3 dagger of venom
* * * LOW HITPOINT WARNING * * *
You feel sick.
* * * LOW HITPOINT WARNING * * *
You feel sick.
* * * LOW HITPOINT WARNING * * *
You feel sick.
You aren't carrying any potions.
* * * LOW HITPOINT WARNING * * *
You feel sick.
* * * LOW HITPOINT WARNING * * *
You feel sick.
You aren't carrying any scrolls.
What are your orders? t - Shout!
Orders for allies: a - Attack new target. r - Retreat! s - Stop attacking. g - Guard the area. f - Follow me.
Anything else - Cancel.
Okay, then.
Unknown command.
You die...

##.........#
...........##
#..........###
#.............
#.........# #.........#
###### ##.......##
.....# ###.....## .....#
...#####@## <....####..#
#.# ...........##
##.#### ...)........#
#.....###
............###.........
..............#......#..
..........#.............
........................
..........##..#.....##..


There were no monsters in sight!

Vanquished Creatures
  A gnoll (D:1)
  An adder (D:2)
  A dart slug (D:1)
  4 endoplasms (D:1)
  2 giant cockroaches
  2 hobgoblins (D:1)
  4 jackals (D:1)
  2 kobolds (D:1)
  2 quokkas
  2 ball pythons (D:1)
  4 bats
  A frilled lizard (D:1)
  4 goblins
  2 rats (D:1)
32 creatures vanquished.

Notes
Turn   | Place    | Note
-------+----------+-------------------------------------------
     0 | D:1      | pkoi the Draconian Transmuter began the quest for the Orb.
     0 | D:1      | Reached XP level 1. HP: 16/16 MP: 3/3
   166 | D:1      | Reached XP level 2. HP: 16/23 MP: 5/5
   265 | D:1      | Learned a level 2 spell: Wereblood
   281 | D:1      | Found Hith's Antique Armour Shoppe.
   660 | D:1      | Reached skill level 4 in Unarmed Combat
   690 | D:1      | Reached XP level 3. HP: 27/28 MP: 4/6
   695 | D:1      | Learned a level 3 spell: Spider Form
   920 | D:1      | Found a faded altar of an unknown god.
  1177 | D:2      | HP: 1/28 [poisoned by a goblin]
  1178 | D:2      | Succumbed to a goblin's poison

Illustrated notes

Levels and vault maps discovered:
D:1:      elethiomel_arrival_quiet, layout_loops_cross,
          shapermc_ecumenical_altar_mp_vishouse, serial_shops, shop
D:2:      layout_rooms

Skill      XL: |  1  2 |
---------------+-------+-----
Unarmed Combat | 4 |  4.4
Fighting       | |  1.1
Dodging        | |  1.7
Spellcasting   | |  2.0
Transmutations | |  2.5

Action                   || total
-------------------------++-------
Melee: Unarmed           ||   121
       Kick              ||     8
       Tailslap          ||     9
       Headbutt          ||     5
 Cast: Beastly Appendage ||     9
  Use: Scroll            ||     2
 Stab: Sleeping          ||     1
Armor: Skin              ||    65
Dodge: Dodged            ||    89
